 Dungeon Crawl Stone Soup version 0.30.1-11-g7821555f0a (webtiles) character file.

Game seed: 1069555657669718547

1 pkoi the Vexing (level 1, -4/16 HPs)
             Began as a Draconian Hexslinger on Nov 20, 2023.
             Succumbed to a goblin's poison
             ... on level 1 of the Dungeon.
             The game lasted 00:00:19 (44 turns).

pkoi the Vexing (Draconian Hexslinger)                Turns: 44, Time: 00:00:19

Health: -4/16      AC:  4    Str: 12    XL:     1   Next: 16%
Magic:  1/2        EV: 12    Int: 13    God:
Gold:   0          SH:  0    Dex: 11    Spells: 1/2 levels left

rFire   . . .        a - +1 sling
rCold   . . .        (no shield)
rNeg    . . .        (body armour unavailable)
rPois   .            (helmet restricted)
rElec   .            (no cloak)
rCorr   .            (no gloves)
SInv    .            (no boots)
Will    .....        (no amulet)
Stlth   +            (no ring)
HPRegen 0.22/turn    (no ring)
MPRegen 0.08/turn

%: no passive effects
@: lethally poisoned (-4 -> -21)
A: AC +4, unfitting armour, cold-blooded
a: no special abilities


You were on level 1 of the Dungeon.
You visited 1 branch of the dungeon, and saw 1 of its levels.

Inventory:

Hand Weapons
 a - a +1 sling (weapon)
Scrolls
 b - a scroll of poison


   Skills:
 - Level 1.1 Fighting
 + Level 1.9 Ranged Weapons
 - Level 1.7 Dodging
 - Level 1.0 Spellcasting
 - Level 2.6 Hexes


You had one spell level left.
You knew the following spells:

 Your Spells              Type           Power      Damage    Failure   Level
a - Slow                  Hex            28%        N/A       10%         1

Your spell library contained the following spells:

 Spells                   Type           Power      Damage    Failure   Level
 Inner Flame              Hex/Fire       4%         N/A       43%         3
 Portal Projectile        Hex/Tloc       8%         N/A       43%         3
 Cause Fear               Hex            3%         N/A       67%         4


Dungeon Overview and Level Annotations

Branches:
Dungeon (1/15)

Altars:


Innate Abilities, Weirdness & Mutations

Your plain brown scales are hard. (AC +4)
You cannot fit into any form of body armour.
You are cold-blooded and may be slowed by cold attacks.


Message History

You shoot a sling bullet. The sling bullet hits the kobold.
The kobold is moderately wounded.
The goblin hits you but does no damage.
You are poisoned.
The kobold hits you but does no damage. The goblin hits you but does no damage.
You are more poisoned.
You shoot a sling bullet. The sling bullet hits the kobold.
You kill the kobold!
You feel very sick.
The goblin hits you with a +0 dagger of venom.
You are more poisoned.
You are too injured to fight recklessly!
You are too injured to fight recklessly!
Fire: a) +1 sling
Press: ? - help, Q - select action, (/) - cycle Shift-Dir - straight line, f - goblin
Aim: a goblin, wielding a +0 dagger of venom (43% to hit)
You shoot a sling bullet.
The sling bullet barely misses the goblin.
* * * LOW HITPOINT WARNING * * *
You feel very sick. The goblin closely misses you.
Fire: a) +1 sling
Press: ? - help, Q - select action, (/) - cycle Shift-Dir - straight line, f/p - goblin
Aim: a goblin, wielding a +0 dagger of venom (43% to hit)
You shoot a sling bullet. The sling bullet hits the goblin.
The goblin is severely wounded.
* * * LOW HITPOINT WARNING * * *
You feel very sick. The goblin closely misses you.
The goblin hits you but does no damage.
You are more poisoned.
You aren't carrying any potions.
Okay, then.
Okay, then.
Unknown command.
Fire: a) +1 sling
Press: ? - help, Q - select action, (/) - cycle Shift-Dir - straight line, f/p - goblin
Aim: a goblin, wielding a +0 dagger of venom (severely wounded, 43% to hit)
You shoot a sling bullet.
The sling bullet closely misses the goblin.
You die...

......... ..
#........#...
###............+......
.........#.#...#..... ##
...............#..... #.
.#..=......##..#..... #.
.......g...##....##.# #.
#....#@...##..#.##.# #.
......)........#.##.# #.
##.............#.##.###.
......####..............
##.... ##.#########.##
...... #.............#
.#... #.#####.#####.#
?... #.#S≈≈#.#≈≈S#.#
#.#≈≈≈#.#≈≈≈#.#


You could see a goblin.

Vanquished Creatures
  A kobold (D:1)
1 creature vanquished.

Notes
Turn   | Place    | Note
-------+----------+-------------------------------------------
     0 | D:1      | pkoi the Draconian Hexslinger began the quest for the Orb.
     0 | D:1      | Reached XP level 1. HP: 16/16 MP: 2/2
     3 | D:1      | Noticed an electric eel
     4 | D:1      | Noticed an electric eel
    44 | D:1      | Succumbed to a goblin's poison

Illustrated notes

Levels and vault maps discovered:
D:1:      arrival_aquarium_b, layout_basic, dreamdust_princess_corridor

Action                     || total
---------------------------++-------
   Fire: Sling             ||     8
   Cast: Slow              ||     2
 Armour: Skin              ||     5
  Dodge: Dodged            ||     2
